TOP OF THE 1ST |
Hialeah Dodos batting - Pitching for Sioux Falls Red Pandas : RHP Jim Unknown
|
Pitching: RHP Jim Unknown
|
|
Batting: RHB Diego Bonilla
|
0-0: Swinging Strike 0-1: Swinging Strike 0-2: Ball 1-2: Ball 2-2: Ball 3-2: Strikes out swinging
|
Batting: LHB Alfonso Núñez
|
0-0: Ball 1-0: Swinging Strike 1-1: Foul Ball, location: 2F 1-2: SOLO HOME RUN (Flyball, 89XD), Distance : 445 ft
|
Batting: RHB Yoshio Matsuo
|
0-0: Called Strike 0-1: Ball 1-1: Ball 2-1: Fly out, F9 (Popup, 34D)
|
Batting: LHB Jeff Rutherford
|
0-0: Ball 1-0: Called Strike 1-1: SINGLE (Line Drive, 6D)
|
Batting: RHB Alexis Smeddon
|
0-0: Ground out 6-3 (Groundball, 6)
|
Top of the 1st over - 1 run(s), 2 hit(s), 0 error(s), 1 left on base; Hialeah 1 - Sioux Falls 0 |
BOTTOM OF THE 1ST |
Sioux Falls Red Pandas batting - Pitching for Hialeah Dodos : RHP Jim Unknown
|
Pitching: RHP Jim Unknown
|
|
Batting: RHB Jean Chamissa
|
0-0: Ball 1-0: Called Strike 1-1: Ball 2-1: Foul Ball, location: 2F 2-2: SINGLE (Line Drive, 6MD)
|
Batting: RHB Jonathan Widdop
|
0-0: Foul Ball, location: 2F 0-1: Grounds into double play, U6-3 (Groundball, 6M)
|
Batting: LHB Qi-zhen Loong
|
0-0: Ball 1-0: DOUBLE (Line Drive, 5D)
|
Batting: RHB Mario Piña
|
0-0: Ball 1-0: Foul Ball, location: 2F 1-1: Foul Ball, location: 2F 1-2: Fly out, F8 (Flyball, 8RM)
|
Bottom of the 1st over - 0 run(s), 2 hit(s), 0 error(s), 1 left on base; Hialeah 1 - Sioux Falls 0 |
TOP OF THE 2ND |
Hialeah Dodos batting - Pitching for Sioux Falls Red Pandas : RHP Jim Unknown
|
Batting: LHB Raúl Aguirre
|
0-0: Ball 1-0: Called Strike 1-1: Ball 2-1: Ball 3-1: Fly out, F8 (Flyball, 8RXD)
|
Batting: LHB Perry Bothof
|
0-0: Ball 1-0: Ground out U3 (Groundball, 3)
|
Batting: RHB Javier Santos
|
0-0: Ball 1-0: Called Strike 1-1: Called Strike 1-2: Ground out 4-3 (Groundball, 4M)
|
Top of the 2nd over - 0 run(s), 0 hit(s), 0 error(s), 0 left on base; Hialeah 1 - Sioux Falls 0 |
BOTTOM OF THE 2ND |
Sioux Falls Red Pandas batting - Pitching for Hialeah Dodos : RHP Jim Unknown
|
Batting: RHB Eduardo Sánchez
|
0-0: Called Strike 0-1: Ball 1-1: Called Strike 1-2: Ball 2-2: Ball 3-2: Ground out 5-3 (Groundball, 56)
|
Batting: SHB Tsing Guao
|
0-0: SOLO HOME RUN (Flyball, 7D), Distance : 438 ft
|
Batting: SHB Carroll Kline
|
0-0: Called Strike 0-1: Swinging Strike 0-2: Foul Ball, location: 2F 0-2: Ground out 6-3 (Groundball, 6)
|
Batting: RHB Emílio Ortíz
|
0-0: Foul Ball, location: 2F 0-1: Called Strike 0-2: Ball 1-2: Strikes out swinging
|
Bottom of the 2nd over - 1 run(s), 1 hit(s), 0 error(s), 0 left on base; Hialeah 1 - Sioux Falls 1 |
TOP OF THE 3RD |
Hialeah Dodos batting - Pitching for Sioux Falls Red Pandas : RHP Jim Unknown
|
Batting: RHB Vincente Rotham
|
0-0: Fly out, F9 (Flyball, 9LM)
|
Batting: RHB Diego Bonilla
|
0-0: Ball 1-0: Foul Ball, location: 2F 1-1: Ball 2-1: Called Strike 2-2: Strikes out swinging
|
Batting: LHB Alfonso Núñez
|
0-0: Ball 1-0: Called Strike 1-1: Ball 2-1: DOUBLE (Flyball, 89XD)
|
Batting: RHB Yoshio Matsuo
|
0-0: Foul Ball, location: 2F 0-1: Ball 1-1: Ball 2-1: Ball 3-1: Base on Balls
|
Batting: LHB Jeff Rutherford
|
0-0: Ball 1-0: Called Strike 1-1: Ball 2-1: Foul Ball, location: 2F 2-2: Strikes out looking
|
Top of the 3rd over - 0 run(s), 1 hit(s), 0 error(s), 2 left on base; Hialeah 1 - Sioux Falls 1 |
BOTTOM OF THE 3RD |
Sioux Falls Red Pandas batting - Pitching for Hialeah Dodos : RHP Jim Unknown
|
Batting: RHB Jorge Díaz
|
0-0: SINGLE (Line Drive, 7LS)
|
Batting: RHB Jean Chamissa
|
0-0: Ball 1-0: Called Strike 1-1: Ground out 5-3 (Groundball, 56S) Jorge Díaz to second
|
Batting: RHB Jonathan Widdop
|
0-0: Foul Ball, location: 2F 0-1: Ball 1-1: Ball 2-1: Ball 3-1: Fly out, F9 (Flyball, 9M)
|
Batting: LHB Qi-zhen Loong
|
0-0: Called Strike 0-1: Ball 1-1: DOUBLE (Groundball, 3L) Jorge Díaz scores
|
Batting: RHB Mario Piña
|
0-0: Ball 1-0: Ball 2-0: Ground out 4-3 (Groundball, 34)
|
Bottom of the 3rd over - 1 run(s), 2 hit(s), 0 error(s), 1 left on base; Hialeah 1 - Sioux Falls 2 |
TOP OF THE 4TH |
Hialeah Dodos batting - Pitching for Sioux Falls Red Pandas : RHP Jim Unknown
|
Batting: RHB Alexis Smeddon
|
0-0: Ball 1-0: Ball 2-0: Ball 3-0: Base on Balls
|
Batting: LHB Raúl Aguirre
|
0-0: Ball 1-0: Fly out, F9 (Flyball, 89M)
|
Batting: LHB Perry Bothof
|
0-0: Foul Ball, location: 2F 0-1: Ball 1-1: Ball 2-1: Fly out, F8 (Flyball, 8LM)
|
Batting: RHB Javier Santos
|
0-0: Ball 1-0: Foul Ball, location: 2F 1-1: Ground out U3 (Groundball, 3L)
|
Top of the 4th over - 0 run(s), 0 hit(s), 0 error(s), 1 left on base; Hialeah 1 - Sioux Falls 2 |
BOTTOM OF THE 4TH |
Sioux Falls Red Pandas batting - Pitching for Hialeah Dodos : RHP Jim Unknown
|
Batting: RHB Eduardo Sánchez
|
0-0: Ball 1-0: Ground out 5-3 (Groundball, 56)
|
Batting: SHB Tsing Guao
|
0-0: Called Strike 0-1: SINGLE (Flyball, 89M)
|
Batting: SHB Carroll Kline
|
0-0: Foul Ball, location: 2F 0-1: Swinging Strike 0-2: Ball 1-2: Foul Ball, location: 2F 1-2: Ball 2-2: Foul Ball, location: 2F 2-2: Strikes out swinging
|
Batting: RHB Emílio Ortíz
|
0-0: Swinging Strike 0-1: Ground out 6-3 (Groundball, 6)
|
Bottom of the 4th over - 0 run(s), 1 hit(s), 0 error(s), 1 left on base; Hialeah 1 - Sioux Falls 2 |
TOP OF THE 5TH |
Hialeah Dodos batting - Pitching for Sioux Falls Red Pandas : RHP Jim Unknown
|
Batting: RHB Vincente Rotham
|
0-0: Swinging Strike 0-1: Foul Ball, location: 2F 0-2: Ball 1-2: DOUBLE (Line Drive, 89M)
|
Batting: RHB Diego Bonilla
|
0-0: Ball Vincente Rotham is caught stealing 3rd base 1-0: Foul Ball, location: 2F 1-1: Ball 2-1: Foul Ball, location: 2F 2-2: Ground out 4-3 (Groundball, 4M)
|
Batting: LHB Alfonso Núñez
|
0-0: Ball 1-0: Foul Ball, location: 2F 1-1: SINGLE (Groundball, 25) (infield hit)
|
Batting: RHB Yoshio Matsuo
|
0-0: Ball 1-0: Called Strike 1-1: Ball 2-1: Ball 3-1: Base on Balls Alfonso Núñez to second
|
Batting: LHB Jeff Rutherford
|
0-0: Ball 1-0: Called Strike 1-1: Ball 2-1: Reached on error, E4 (Groundball, 4) Alfonso Núñez to third Yoshio Matsuo to second
|
Batting: RHB Alexis Smeddon
|
0-0: GRAND SLAM HOME RUN (Flyball, 7D), Distance : 427 ft
|
Batting: LHB Raúl Aguirre
|
0-0: Ball 1-0: Called Strike 1-1: Ball 2-1: Swinging Strike 2-2: Strikes out swinging
|
Top of the 5th over - 4 run(s), 3 hit(s), 1 error(s), 0 left on base; Hialeah 5 - Sioux Falls 2 |
BOTTOM OF THE 5TH |
Sioux Falls Red Pandas batting - Pitching for Hialeah Dodos : RHP Jim Unknown
|
Batting: RHB Jorge Díaz
|
0-0: Foul Ball, location: 2F 0-1: Ground out 5-3 (Groundball, 56S)
|
Batting: RHB Jean Chamissa
|
0-0: Foul Ball, location: 2F 0-1: Ball 1-1: Ball 2-1: Ball 3-1: Ground out 4-3 (Groundball, 4)
|
Batting: RHB Jonathan Widdop
|
0-0: Called Strike 0-1: Fly out, F8 (Flyball, 8RD)
|
Bottom of the 5th over - 0 run(s), 0 hit(s), 0 error(s), 0 left on base; Hialeah 5 - Sioux Falls 2 |
TOP OF THE 6TH |
Hialeah Dodos batting - Pitching for Sioux Falls Red Pandas : RHP Jim Unknown
|
Batting: LHB Perry Bothof
|
0-0: Ball 1-0: Called Strike 1-1: Swinging Strike 1-2: Ball 2-2: Strikes out swinging
|
Batting: RHB Javier Santos
|
0-0: Called Strike 0-1: Swinging Strike 0-2: Strikes out swinging
|
Batting: RHB Vincente Rotham
|
0-0: Ground out 4-3 (Groundball, 4M)
|
Top of the 6th over - 0 run(s), 0 hit(s), 0 error(s), 0 left on base; Hialeah 5 - Sioux Falls 2 |
BOTTOM OF THE 6TH |
Sioux Falls Red Pandas batting - Pitching for Hialeah Dodos : RHP Jim Unknown
|
Batting: LHB Qi-zhen Loong
|
0-0: Ball 1-0: Ball 2-0: Called Strike 2-1: Foul Ball, location: 2F 2-2: Ball 3-2: Ground out 4-3 (Groundball, 4)
|
Batting: RHB Mario Piña
|
0-0: Foul Ball, location: 2F 0-1: Foul Ball, location: 2F 0-2: Ball 1-2: Ball 2-2: Foul Ball, location: 2F 2-2: Strikes out swinging
|
Batting: RHB Eduardo Sánchez
|
0-0: Ball 1-0: DOUBLE (Line Drive, 8RD)
|
Batting: SHB Tsing Guao
|
0-0: Called Strike 0-1: Ball 1-1: Called Strike 1-2: Ball 2-2: Foul Ball, location: 2F 2-2: Ball 3-2: Foul Ball, location: 2F 3-2: Ground out 4-3 (Groundball, 4)
|
Bottom of the 6th over - 0 run(s), 1 hit(s), 0 error(s), 1 left on base; Hialeah 5 - Sioux Falls 2 |
TOP OF THE 7TH |
Hialeah Dodos batting - Pitching for Sioux Falls Red Pandas : RHP Jim Unknown
|
Batting: RHB Diego Bonilla
|
0-0: Ball 1-0: Ground out 4-3 (Groundball, 4)
|
Batting: LHB Alfonso Núñez
|
0-0: Foul Ball, location: 2F 0-1: Ball 1-1: TRIPLE (Line Drive, 8RM)
|
Pitching: LHP Rubén Rodríguez
|
|
Batting: RHB Yoshio Matsuo
|
0-0: Ball 1-0: Foul Ball, location: 2F 1-1: Ball 2-1: Ground out 5-3 (Groundball, 5)
|
Batting: LHB Jeff Rutherford
|
0-0: Foul Ball, location: 2F 0-1: Swinging Strike 0-2: Ball 1-2: Foul Ball, location: 2F 1-2: Strikes out swinging
|
Top of the 7th over - 0 run(s), 1 hit(s), 0 error(s), 1 left on base; Hialeah 5 - Sioux Falls 2 |
BOTTOM OF THE 7TH |
Sioux Falls Red Pandas batting - Pitching for Hialeah Dodos : RHP Jim Unknown
|
Batting: SHB Carroll Kline
|
0-0: Called Strike 0-1: Ground out U3 (Groundball, 3S)
|
Batting: RHB Emílio Ortíz
|
0-0: Ball 1-0: Foul Ball, location: 2F 1-1: Ball 2-1: Fly out, F8 (Popup, 6MD)
|
Batting: RHB Jorge Díaz
|
0-0: Ground out 5-3 (Groundball, 5S)
|
Bottom of the 7th over - 0 run(s), 0 hit(s), 0 error(s), 0 left on base; Hialeah 5 - Sioux Falls 2 |
TOP OF THE 8TH |
Hialeah Dodos batting - Pitching for Sioux Falls Red Pandas : LHP Rubén Rodríguez
|
Batting: RHB Alexis Smeddon
|
0-0: Ball 1-0: Ball 2-0: Ground out 5-3 (Groundball, 56)
|
Batting: LHB Raúl Aguirre
|
0-0: Ball 1-0: Ground out 3-1 (Groundball, 34)
|
Batting: LHB Perry Bothof
|
0-0: Called Strike 0-1: Ball 1-1: Foul Ball, location: 2F 1-2: Strikes out looking
|
Top of the 8th over - 0 run(s), 0 hit(s), 0 error(s), 0 left on base; Hialeah 5 - Sioux Falls 2 |
BOTTOM OF THE 8TH |
Sioux Falls Red Pandas batting - Pitching for Hialeah Dodos : RHP Jim Unknown
|
Batting: RHB Jean Chamissa
|
0-0: Ball 1-0: Ball 2-0: Swinging Strike 2-1: Ground out 4-3 (Groundball, 4)
|
Batting: RHB Jonathan Widdop
|
0-0: Ball 1-0: Ball 2-0: Ground out 4-3 (Groundball, 34)
|
Batting: LHB Qi-zhen Loong
|
0-0: Called Strike 0-1: Called Strike 0-2: Foul Ball, location: 2F 0-2: Ball 1-2: Ball 2-2: Ground out 6-3 (Groundball, 6M)
|
Bottom of the 8th over - 0 run(s), 0 hit(s), 0 error(s), 0 left on base; Hialeah 5 - Sioux Falls 2 |
TOP OF THE 9TH |
Hialeah Dodos batting - Pitching for Sioux Falls Red Pandas : LHP Rubén Rodríguez
|
Pitching: RHP Jim Unknown
|
|
Batting: RHB Javier Santos
|
0-0: Called Strike 0-1: Ground out 1-3 (Groundball, 15)
|
Batting: RHB Vincente Rotham
|
0-0: Foul Ball, location: 2F 0-1: Ball 1-1: Ball 2-1: SINGLE (Line Drive, 6M)
|
Batting: RHB Diego Bonilla
|
0-0: Called Strike 0-1: Ball 1-1: Ball 2-1: Ball 3-1: Called Strike 3-2: Reached on error, E5 (Groundball, 5L) Vincente Rotham to second
|
Batting: LHB Alfonso Núñez
|
0-0: Ball 1-0: Ball 2-0: Foul Ball, location: 2F 2-1: Swinging Strike 2-2: Foul Ball, location: 2F 2-2: Ball 3-2: Foul Ball, location: 2F 3-2: Base on Balls Vincente Rotham to third Diego Bonilla to second
|
Batting: RHB Yoshio Matsuo
|
0-0: Called Strike 0-1: Ball 1-1: Foul Ball, location: 2F 1-2: Ball 2-2: Fly out, F3 (Popup, 3DF)
|
Batting: LHB Jeff Rutherford
|
0-0: Swinging Strike 0-1: Foul Ball, location: 2F 0-2: Ball 1-2: Ball 2-2: Ball Wild Pitch! Vincente Rotham scores Diego Bonilla to third Alfonso Núñez to second 3-2: Foul Ball, location: 2F 3-2: Strikes out swinging
|
Top of the 9th over - 1 run(s), 1 hit(s), 1 error(s), 2 left on base; Hialeah 6 - Sioux Falls 2 |
BOTTOM OF THE 9TH |
Sioux Falls Red Pandas batting - Pitching for Hialeah Dodos : RHP Jim Unknown
|
Batting: RHB Mario Piña
|
0-0: Foul Ball, location: 2F 0-1: Ball 1-1: Foul Ball, location: 2F 1-2: Strikes out swinging
|
Pitching: RHP Jim Unknown
|
|
Batting: RHB Eduardo Sánchez
|
0-0: Foul Ball, location: 2F 0-1: Foul Ball, location: 2F 0-2: Ball 1-2: Foul Ball, location: 2F 1-2: Foul Ball, location: 2F 1-2: Foul Ball, location: 2F 1-2: SOLO HOME RUN (Flyball, 7D), Distance : 425 ft
|
Pitching: RHP Lorenzo Tamargo
|
|
Batting: SHB Tsing Guao
|
0-0: Fly out, F5 (Popup, 56S)
|
Batting: SHB Carroll Kline
|
0-0: Foul Ball, location: 2F 0-1: Swinging Strike 0-2: Strikes out swinging
|
Bottom of the 9th over - 1 run(s), 1 hit(s), 0 error(s), 0 left on base; Hialeah 6 - Sioux Falls 3 |
|